 Dungeon Crawl Stone Soup version 0.28.0 (webtiles) character file.

Game seed: 11723022488104929609

122 bromine the Ducker (level 4, -1/44 HPs)
             Began as a Troll Berserker on Feb 10, 2022.
             Was a Believer of Trog.
             Slain by an orc (5 damage)
             ... on level 3 of the Dungeon.
             The game lasted 00:07:13 (1752 turns).

bromine the Ducker (Troll Berserker)                Turns: 1752, Time: 00:07:14

Health: -1/44      AC:  8    Str: 27    XL:     4   Next: 78%
Magic:  3/3        EV: 10    Int:  3    God:    Trog [**....]
Gold:   51         SH:  0    Dex:  9    Spells: 3/3 levels left

rFire   . . .      SeeInvis .   n - +0 trident
rCold   . . .      Faith    .   (no shield)
rNeg    . . .      Spirit   .   b - +0 animal skin
rPois   .          Reflect  .   (helmet restricted)
rElec   .          Harm     .   (no cloak)
rCorr   .          Rampage  .   (gloves unavailable)
Will    ++...                   (boots unavailable)
Stlth   +.........              (no amulet)
HPRegen 1.94/turn               k - +4 ring of protection
MPRegen 0.08/turn               (no ring)

@: strong-willed, on berserk cooldown, regenerating, slowed, very slow
A: large, unfitting armour, claws 3, regeneration 1, shaggy fur 1, tough skin 1
a: Renounce Religion, Berserk, Trog's Hand


You were on level 3 of the Dungeon.
You worshipped Trog.
Trog was pleased with you.
You visited 1 branch of the dungeon, and saw 3 of its levels.

You collected 51 gold pieces.

Inventory:

Hand Weapons
 a - a +0 hand axe
 d - a +0 spear
 n - a +0 trident (weapon)
Missiles
 f - 6 poisoned darts (quivered)
Armour
 b - a +0 animal skin (worn)
 m - a +0 helmet
Jewellery
 k - a +4 ring of protection (left claw)
Wands
 g - a wand of acid (6)
Scrolls
 c - 3 scrolls of identify {unknown}
 e - a scroll of teleportation {unknown}
 i - a scroll of enchant armour {unknown}
Potions
 h - a potion of berserk rage {unknown}
 j - a potion of heal wounds {unknown}
 l - a potion of ambrosia {unknown}


   Skills:
 + Level 2.8 Fighting
 + Level 3.4 Axes
 + Level 3.4 Dodging
 + Level 0.2 Stealth


You had 3 spell levels left.
You didn't know any spells.
Your spell library contained the following spells:

 Spells                   Type           Power      Damage    Failure   Level
 Summon Guardian Golem    Hex/Summ       0%         N/A       88%         3
 Fulminant Prism          Conj/Hex       0%         3d6       99%         4
 Iskenderun's Mystic Bla  Conj/Tloc      0%         2d3       99%         4
 Lee's Rapid Deconstruct  Erth           0%         3d5*      100%        5
 Orb of Destruction       Conj           0%         9d5       100%        7
 Spellforged Servitor     Conj/Summ      0%         N/A       100%        7


Dungeon Overview and Level Annotations

Branches:
Dungeon (3/15)

Altars:


Innate Abilities, Weirdness & Mutations

You are too large for most types of armour.
You have claws for hands.
Your natural rate of healing is unusually fast.
You are covered in fur. (AC +1)
You have tough skin. (AC +1)


Message History

The orc hits you but does no damage. The orc barely misses you. x2
You hit the orc but do no damage. The orc barely misses you.
The orc hits you with a +0 short sword.
The orc hits you with a +1 trident of freezing.
The orc freezes you. The orc hits you with a +0 short sword.
You barely miss the orc. The orc closely misses you.
The orc hits you with a +0 short sword.
The orc hits you with a +1 trident of freezing!
* * * LOW HITPOINT WARNING * * *
The orc freezes you.
* * * LOW HITPOINT WARNING * * *
You hit the orc.
The orc is moderately wounded.
The orc hits you but does no damage. The orc closely misses you.
The orc hits you but does no damage.
You hit the orc but do no damage.
The orc is moderately wounded.
The orc hits you with a +1 trident of freezing.
* * * LOW HITPOINT WARNING * * *
The orc freezes you.
* * * LOW HITPOINT WARNING * * *
The orc closely misses you. The orc barely misses you.
The orc closely misses you.
You closely miss the orc.
The orc is moderately wounded.
The orc hits you but does no damage. The orc barely misses you.
The orc hits you but does no damage. x2
You hit the orc but do no damage.
The orc is moderately wounded.
The orc hits you with a +1 trident of freezing.
* * * LOW HITPOINT WARNING * * *
The orc freezes you.
* * * LOW HITPOINT WARNING * * *
The orc hits you with a +0 short sword.
* * * LOW HITPOINT WARNING * * *
The orc barely misses you. The orc misses you.
Your skin crawls.
You feel strong-willed.
The orc hits you with a +1 trident of freezing.
You die...

#.....# #.....# #.....#
###### # #.....####....#
...#.######.....#<......#
.......)................#
..##.##)......######.....
####.##.oo.##.# #####+##.
........@#...............
####.#....###.#########.#
.. #..##..#.# #...[# ##
#..# ....# ###.#### ##..
...# #......# ##. .###
#.#..... . # #.#####. ..
# #.. #..


You could see 2 orcs.

Vanquished Creatures
  An orc priest (D:3)
  2 adders
  An ufetubus (D:3)
  A worm (D:3)
  2 dart slugs (D:1)
  6 orcs (D:3)
  4 bats
  5 endoplasms
  A giant cockroach (D:2)
  3 hobgoblins
  6 jackals (D:1)
  2 quokkas (D:2)
  4 ball pythons
  3 frilled lizards
  4 goblins
  7 kobolds
  5 rats
57 creatures vanquished.

Notes
Turn   | Place    | Note
-------+----------+-------------------------------------------
     0 | D:1      | bromine the Troll Berserker began the quest for the Orb.
     0 | D:1      | Reached XP level 1. HP: 22/22 MP: 0/0
   179 | D:1      | Reached XP level 2. HP: 20/29 MP: 1/1
   530 | D:1      | Found a faded altar of an unknown god.
   797 | D:2      | Reached XP level 3. HP: 32/36 MP: 2/2
   800 | D:2      | Reached ** piety under Trog
  1634 | D:3      | Reached XP level 4. HP: 44/44 MP: 3/3
  1751 | D:3      | HP: 1/44 [orc (2)]
  1752 | D:3      | Slain by an orc

Illustrated notes

Levels and vault maps discovered:
D:1:      saegor_arrival_simple_a, layout_rooms, nicolae_ecumenical_lake_church
D:2:      layout_loops_ring
D:3:      layout_basic, minmay_misc_feat_square

Skill      XL: |  1  2  3 |
---------------+----------+-----
Axes           | 3 |  3.4
Dodging        | 3 |  3.4
Fighting       | |  2.8
Stealth        | |  0.2

Action                   |  1- 3 |  4- 6 || total
-------------------------+-------+-------++-------
Melee: Hand axe          |   154 |    24 ||   178
       Punch             |     2 |       ||     2
       Trident           |       |    17 ||    17
Invok: Berserk           |       |     2 ||     2
       Trog's Hand       |       |     1 ||     1
Armor: Animal skin       |   107 |    29 ||   136
Dodge: Dodged            |   140 |    44 ||   184
